 Dungeon Crawl Stone Soup version 0.30-a0-1018-g25214051b3 (webtiles) character file.

Game seed: 10965894171251414764

35 Pooter the Trooper (level 3, 0/33 HPs)
             Began as a Minotaur Monk on Apr 8, 2023.
             Slain by a goblin
             ... wielding a +0 club
             ... led by Robin
              (6 damage)
             ... on level 1 of the Dungeon.
             The game lasted 00:04:31 (834 turns).

Pooter the Trooper (Minotaur Monk)                   Turns: 834, Time: 00:04:31

Health: 0/33       AC:  9    Str: 17    XL:     3   Next: 16%
Magic:  2/2        EV:  8    Int:  7    God:
Gold:   55         SH:  0    Dex: 12    Spells: 2/2 levels left

rFire   . . .      SeeInvis .    a - +0 trident
rCold   . . .      Faith    .    (no shield)
rNeg    . . .      Spirit   .    i - +0 chain mail
rPois   +          Reflect  .    (helmet restricted)
rElec   .          Rampage  .    l - +0 cloak
rCorr   .                        (no gloves)
Will    .....                    (no boots) Stlth
                                 (no amulet)
HPRegen 0.25/turn                P - ring of poison resistance
MPRegen 0.08/turn                (no ring)

@: no status effects
A: horns 2, retaliatory headbutt
a: no special abilities


You were on level 1 of the Dungeon.
You visited 1 branch of the dungeon, and saw 2 of its levels.

You collected 55 gold pieces.

Inventory:

Hand Weapons
 a - a +0 trident (weapon)
   (You found it on level 1 of the Dungeon)
 f - a +0 hand axe
Armour
 i - a +0 chain mail (worn)
   (You found it on level 1 of the Dungeon)
 l - a +0 cloak (worn)
   (You found it on level 1 of the Dungeon)
Jewellery
 P - a ring of poison resistance (left hand)
   (You found it on level 1 of the Dungeon)
Scrolls
 b - a scroll of blinking {unknown}
 d - a scroll of brand weapon {unknown}
 g - a scroll of torment {unknown}
 h - a scroll of enchant armour {unknown}
 m - a scroll of fear {unknown}
 n - a scroll of magic mapping {unknown}
 o - a scroll of identify {unknown}
 p - a scroll of teleportation {unknown}
Potions
 c - a potion of ambrosia
 e - a potion of brilliance {unknown}
 j - a potion of curing {unknown}
 k - 2 potions of cancellation {unknown}
 q - a potion of haste {unknown}


   Skills:
 + Level 4.0 Fighting
 - Level 3.8(4.1) Axes
 * Level 2.0(3.2) Polearms
 - Level 3.2 Dodging
 * Level 2.1 Stealth


You had 2 spell levels left.
You didn't know any spells.
Your spell library contained the following spells:

 Spells                   Type           Power      Damage    Failure   Level
 Lesser Beckoning         Tloc           0%         N/A       100%        2
 Gell's Gravitas          Tloc           0%         N/A       100%        3
 Teleport Other           Tloc           0%         N/A       100%        3


Dungeon Overview and Level Annotations

Branches:
Dungeon (2/15)

Altars:

Annotations:
D:2 Robin


Innate Abilities, Weirdness & Mutations

You have a pair of horns on your head.
You reflexively headbutt those who attack you in melee.


Message History

You start resting.
You climb downwards.
Level annotation: Robin The hobgoblin shouts!
A kobold comes into view. It is wielding a +0 whip.
Robin roars a battlecry!
The goblins go into a battle-frenzy!
The endoplasm hits you but does no damage.
The goblin hits you but does no damage. The hobgoblin hits you.
The goblin barely misses you. The endoplasm barely misses you.
The goblin hits you but does no damage.
The hobgoblin throws a stone.
The stone hits you but does no damage. The goblin hits you but does no damage.
The kobold shouts!
There is a stone staircase leading up, spattered with blood here.
The endoplasm closely misses you. The hobgoblin completely misses you.
The goblin hits you with a +0 club. The goblin closely misses you.
Robin throws the goblin at you! The goblin hits you with a +0 club.
The goblin barely misses you.
You climb upwards.
There is a stone staircase leading down, spattered with blood here.
You hit the hobgoblin but do no damage. The goblin hits you with a +0 club.
The endoplasm freezes you.
You are frozen.
The goblin hits you but does no damage. x2
The goblin barely misses you.
The hobgoblin hits you but does no damage.
You hit the hobgoblin. The goblin hits you but does no damage.
The endoplasm freezes you.
You are frozen.
The goblin hits you but does no damage. x2
The goblin barely misses you. The hobgoblin barely misses you.
You hit the hobgoblin.
You kill the hobgoblin!
The goblin barely misses you. The endoplasm hits you. The goblin misses you.
The goblin hits you with a +0 club.
* * * LOW HITPOINT WARNING * * *
The goblin hits you but does no damage.
You are too injured to fight recklessly!
You are too injured to fight recklessly!
You hit the goblin.
You kill the goblin!
The goblin barely misses you. You furiously retaliate!
You headbutt the goblin!
You kill the goblin!
The endoplasm hits you but does no damage.
The goblin hits you with a +0 club.
* * * LOW HITPOINT WARNING * * *
The goblin hits you with a +0 club.
* * * LOW HITPOINT WARNING * * *
You puncture the goblin!
You kill the goblin!
The goblin hits you with a +0 club.
You die...

#.#####.###.#.#.####...)†## #.#
#.# #.#.#.....#.....####### #.#
#.# #.#.#.##.###........... #.#
#.# #.#.#.###.#.....####### #.#
##.###..#...........## #...
#.####...##.###.........## #...
#......#.....#..#.##.#.## #...
#.###....##.#.#.#)##.[..######...
#.###........#.g@J...............
#...#..........)))......###...##.
###.#........#..#.##.######.#....
#.#.........................##.
#.#........#.##.##.#####.......
#...............##.# ###..##.
#..#...............# ##.##.
#....#..####.#.##### #.##.
#........# #.#.# #.##.


You could see an endoplasm and a goblin (strong).

Vanquished Creatures
  An endoplasm (D:1)
  A giant cockroach (D:1)
  8 goblins (D:1)
  7 hobgoblins (D:1)
  A quokka (D:1)
  4 ball pythons
  4 bats (D:1)
  A frilled lizard (D:1)
  2 kobolds (D:1)
  2 rats (D:1)
31 creatures vanquished.

Notes
Turn   | Place    | Note
-------+----------+-------------------------------------------
     0 | D:1      | Pooter the Minotaur Monk began the quest for the Orb.
     0 | D:1      | Reached XP level 1. HP: 19/19 MP: 0/0
   185 | D:1      | Reached skill level 1 in Polearms
   191 | D:1      | Reached XP level 2. HP: 27/27 MP: 1/1
   571 | D:1      | Reached skill level 4 in Fighting
   774 | D:2      | Noticed Robin
   784 | D:1      | Reached XP level 3. HP: 22/33 MP: 2/2
   834 | D:1      | Slain by a goblin

Illustrated notes

Levels and vault maps discovered:
D:1:      dpeg_arrival_radiant, layout_loops_ring
D:2:      layout_rooms, uniq_robin

Skill      XL: |  1  2  3 |
---------------+----------+-----
Polearms       | 1 2 |  2.0
Fighting       | 4 |  4.0
Stealth        | 2 |  2.1
Axes           | |  3.8
Dodging        | |  3.2

Action                     || total
---------------------------++-------
  Melee: Trident           ||    66
         Hand axe          ||     4
         Headbutt          ||     5
 Armour: Chain mail        ||    47
  Dodge: Dodged            ||    53

Table legend: (Time is in decaauts)
 A = Elapsed time spent in this place.
 B = Non-inter-level travel time spent in this place.
 C = Inter-level travel time spent in this place.
 D = Time resting spent in this place.
 E = Time spent auto-exploring this place.
 F = Levels seen in this place.
 G = Mean time per level.
                   A        B        C        D        E       F      G
               +--------+--------+--------+--------+--------+-----+--------+
         Total |    845 |    808 |     37 |     38 |    568 |   2 |  422.5 |
       Dungeon |    845 |    808 |     37 |     38 |    568 |   2 |  422.5 |
               +--------+--------+--------+--------+--------+-----+--------+

Top non-repeatable levels by time:
     D:1: 834 daAuts
     D:2: 10 daAuts
